 Dungeon Crawl Stone Soup version 0.27.0-65-ge2af304b15 (webtiles) character file.

Game seed: 2317844076263433594

2674 Smaepdii the Magician (level 9, -9/66 HPs)
             Began as a Djinni Ice Elementalist on Aug 18, 2021.
             Was a Follower of Qazlal.
             Mangled by Joseph (13 damage)
             ... on level 7 of the Dungeon.
             The game lasted 00:42:58 (12659 turns).

Smaepdii the Magician (Djinni Ice Elementalist)    Turns: 12659, Time: 00:42:58

Health: -9/66      AC: 13    Str:  7    XL:     9   Next: 95%
Gold:   28         EV: 15    Int: 20    God:    Qazlal [*.....] SH:  2 Dex: 14

rFire    + + .     SeeInvis .   o - +1 rapier (flame)
rCold    x . .     Faith    .   (no shield)
rNeg     . . .     Spirit   .   a - +0 robe
rPois    ∞         Reflect  .   (helmet currently unavailable)
rElec    .         Harm     .   C - +0 cloak
rCorr    .         Rampage  .   c - +2 pair of gloves
Will     +....                  (boots unavailable)
Stlth    ++........             (no amulet)
HPRegen  0.21/turn              i - ring of willpower
MPRegen  0.00/turn              (no ring)

@: ice-armoured, appendages, flying
A: horns 2, flying, sickness immunity, fire resistance 2, cold vulnerability 1,
float, innate caster, hp casting, extra vitality 1
a: End Transformation, Renounce Religion


You were on level 7 of the Dungeon.
You worshipped Qazlal.
Qazlal was aware of your devotion.
You had temporarily grown beastly horns.
You visited 2 branches of the dungeon, and saw 8 of its levels.
You also visited: Ossuary.

You collected 411 gold pieces.
You spent 383 gold pieces at shops.

Inventory:

Hand Weapons
 o - a +1 rapier of flaming (weapon)
Missiles
 h - 2 throwing nets
Armour
 a - a +0 robe (worn)
 c - a +2 pair of gloves (worn)
 e - a +0 helmet (melded)
 l - a +2 kite shield
 y - a scarf of repulsion
 C - a +0 cloak (worn)
Jewellery
 i - a ring of willpower (left hand)
Wands
 d - a wand of mindburst (11)
 m - a wand of flame (13)
 q - a wand of iceblast (6)
 u - a wand of paralysis (17)
Scrolls
 b - a scroll of summoning
 k - a scroll of fog
 t - 2 scrolls of teleportation
Potions
 f - a potion of haste
 g - 3 potions of mutation
 j - 3 potions of might
 n - 4 potions of curing
 p - 2 potions of brilliance
 s - 2 potions of resistance
 v - a potion of berserk rage
 w - a potion of magic {unknown}
 z - a potion of invisibility {unknown}
 D - 2 potions of cancellation


   Skills:
 + Level 5.8 Fighting
 + Level 6.9 Dodging
 - Level 1.5 Stealth
 * Level 7.4 Spellcasting
 + Level 4.1 Invocations


You had one spell level left.
You knew the following spells:

 Your Spells              Type           Power      Damage    Failure   Level
a - Freeze                Ice            100%       1d11      1%          1
b - Frozen Ramparts       Ice            74%        1d9       1%          3
c - Ozocubu's Armour      Ice            37%        N/A       1%          3
d - Hailstorm             Conj/Ice       37%        3d9       4%          4
e - Beastly Appendage     Tmut           74%        N/A       1%          1
f - Poisonous Vapours     Pois/Air       74%        N/A       1%          2
g - Teleport Other        Tloc           37%        N/A       1%          3
h - Dispel Undead         Necr           37%        3d15      4%          4
Your spell library was empty.

Dungeon Overview and Level Annotations

Branches:
Dungeon (7/15)             Temple (1/1) D:5         Ossuary (visited)

Altars:
Ashenzari
Cheibriados
Dithmenos
Elyvilon
Gozag
Kikubaaqudgha
Makhleb
Nemelex Xobeh
Okawaru
Qazlal
Ru
Sif Muna
Trog
Uskayaw
Wu Jian
Xom
Yredelemnul
Zin

Shops:
D:7 *!

Annotations:
D:7 Joseph


Innate Abilities, Weirdness & Mutations

You have temporarily grown beastly horns.
You are flying.
You are immune to sickness and miasma.
You are immune to poison.
Your flesh is very heat resistant. (rF++)
You are vulnerable to cold. (rC-)
You float through the air rather than walking.
You learn spells naturally, not from books.
Your magical power is your life essence.
You have superior vitality. (+4 HP)


Message History

Joseph is severely wounded.
The wall freezes Joseph!
Joseph misses you.
You hit Joseph. You burn Joseph.
Joseph is almost dead.
The wall freezes Joseph.
Joseph completely misses you.
The wall freezes Joseph.
Joseph barely misses you.
You hit Joseph. You burn Joseph.
Joseph is almost dead.
The frozen ramparts melt away.
Joseph hits you with a +0 spectral quarterstaff!
* * * LOW HITPOINT WARNING * * *
You feel much better.
Joseph hits you with a +0 spectral quarterstaff!
You completely miss Joseph.
Joseph is almost dead.
Joseph misses you.
You barely miss Joseph. Your headbutt misses Joseph.
Joseph is almost dead.
Joseph misses you.
You barely miss Joseph.
Joseph is almost dead.
Joseph hits you but does no damage.
You closely miss Joseph.
Joseph is almost dead.
Joseph hits you with a +0 spectral quarterstaff!
* * * LOW HITPOINT WARNING * * *
Joseph hits you with a +0 spectral quarterstaff.
* * * LOW HITPOINT WARNING * * *
Casting: Beastly Appendage (safe; 1% risk of failure)
Confirm with . or Enter, or press ? or * to list all spells.
Okay, then.
Casting: Beastly Appendage (safe; 1% risk of failure)
Confirm with . or Enter, or press ? or * to list all spells.
Aiming: Teleport Other (safe; 1% risk of failure)
Press: ? - help, Shift-Dir - straight line, f - Joseph
Aim: Joseph, wielding a +0 spectral quarterstaff, wearing a +0 leather armour, quivering sling bullets and carrying a wand of iceblast (11) (almost dead, chance to affect: 58%) Joseph looks slightly unstable.
* * * LOW HITPOINT WARNING * * *
Joseph hits you with a +0 spectral quarterstaff!
You die...

*,****+***********,*,,,,******##.
*,,,,*,,,,,,..* *,,....* *,
****,**,,,**#.* *,,....* *,
*,,*,**,,,**#.#* *,.....* *,
,,,,,,,,,,,,,..#**....#*********,
*,,,,***,,,.,,..**....# *,,,,**,
*,**,* **.##.##.##....##**,**,**,
*,**,***,....#...@?...$.,,,**,***
,,,,,*,,,,*#....@#..#********,*
*,****,,,,,+.....#..# *,***
*,,,,*,,,**#.....#..# *,*,,
*,**,*,,,* #........# *,*,*
*,**,***,* #.......## *,*,*
*<**,,,,,* #.####..# *,,,*
*,*********#.####..# ############
*,* *,,,,#.......# #.........[.
*,*** *,**,#####...# #.#######.##


You could see Joseph.

Vanquished Creatures
  A steam dragon (D:6)
  Duvessa (D:4)
  2 water moccasins
  A hornet zombie (D:6)
  2 sky beasts
  2 black bears
  An ice beast (D:6)
  2 necrophages
  An ogre (D:6)
  5 scorpions
  Dowan (D:4)
  3 centaur zombies (Ossuary)
  5 hounds
  4 human zombies (Ossuary)
  4 jellies
  4 orc priests
  Jessica (D:3)
  3 iguanas
  4 orc wizards
  A hound zombie (Ossuary)
  3 mummies (Ossuary)
  A howler monkey skeleton (D:4)
  A howler monkey zombie (D:5)
  5 adders
  A white imp (D:6)
  An ufetubus (D:7)
  5 adder zombies (Ossuary)
  3 worms
  4 dart slugs
  15 orcs
  4 endoplasms
  3 giant cockroaches
  5 hobgoblins
  5 jackals (D:1)
  2 quokkas (D:2)
  6 ball pythons
  8 bats
  4 frilled lizards
  8 goblins
  2 goblin zombies (Ossuary)
  4 hobgoblin zombies (Ossuary)
  3 jackal zombies (Ossuary)
  8 kobolds
  4 kobold zombies (Ossuary)
  3 orc zombies (Ossuary)
  A quokka skeleton (D:4)
  4 quokka zombies (Ossuary)
  9 rats
  4 rat zombies (Ossuary)
174 creatures vanquished.

Notes
Turn   | Place    | Note
-------+----------+-------------------------------------------
     0 | D:1      | Smaepdii the Djinni Ice Elementalist began the quest for
                  | the Orb.
     0 | D:1      | Reached XP level 1. HP: 15/15 MP: 0/0
   393 | D:1      | Reached XP level 2. HP: 20/22 MP: 0/0
   513 | D:1      | Found a faded altar of an unknown god.
  1213 | D:1      | Reached XP level 3. HP: 18/26 MP: 0/0
  1213 | D:1      | Learned a level 1 spell: Beastly Appendage
  1339 | D:1      | Reached skill level 1 in Fighting
  2567 | D:2      | Reached XP level 4. HP: 26/32 MP: 0/0
  3243 | D:3      | HP: 1/32 [iguana (11)]
  3563 | D:3      | Reached skill level 4 in Spellcasting
  3804 | D:3      | Reached XP level 5. HP: 28/38 MP: 0/0
  3804 | D:3      | Learned a level 2 spell: Poisonous Vapours
  4140 | D:3      | Noticed Jessica
  4143 | D:3      | Killed Jessica
  5138 | D:4      | Noticed a water moccasin
  5147 | D:4      | Killed a water moccasin
  5148 | D:4      | Reached XP level 6. HP: 30/45 MP: 0/0
  6167 | D:4      | Noticed Dowan
  6181 | D:4      | Killed Dowan
  6182 | D:4      | Reached XP level 7. HP: 37/50 MP: 0/0
  6182 | D:4      | Learned a level 3 spell: Teleport Other
  6237 | D:4      | Noticed Duvessa
  6245 | D:4      | Killed Duvessa
  6246 | D:4      | Reached skill level 5 in Spellcasting
  6834 | D:5      | Entered Level 5 of the Dungeon
  6834 | D:5      | Found a staircase to the Ecumenical Temple.
  6870 | Temple   | Entered the Ecumenical Temple
  6875 | Temple   | Reached XP level 8. HP: 7/58 MP: 0/0
  7295 | Temple   | Became a worshipper of Qazlal Stormbringer
  7329 | D:5      | Reached skill level 5 in Dodging
  7441 | D:5      | Found a sand-covered staircase.
  7446 | Ossuary  | Entered an ossuary
  7927 | Ossuary  | Reached skill level 1 in Invocations
  8337 | Ossuary  | Reached * piety under Qazlal
  9127 | Ossuary  | Reached skill level 6 in Spellcasting
  9347 | D:5      | Found a snail-covered altar of Cheibriados.
  9347 | D:5      | Found a broken altar of Ashenzari.
 10166 | D:5      | Reached XP level 9. HP: 47/63 MP: 0/0
 10166 | D:5      | Learned a level 4 spell: Dispel Undead
 10613 | D:5      | Reached skill level 5 in Fighting
 11463 | D:6      | Reached skill level 7 in Spellcasting
 11902 | D:6      | Reached ** piety under Qazlal
 12476 | D:7      | Found Raoqumua's General Store.
 12497 | D:7      | Bought a scroll of enchant armour for 97 gold pieces
 12497 | D:7      | Bought a scroll of identify for 26 gold pieces
 12539 | D:7      | Found Ypuramp's Distillery.
 12542 | D:7      | Bought a potion of heal wounds for 50 gold pieces
 12542 | D:7      | Bought 2 potions of resistance for 200 gold pieces
 12542 | D:7      | Bought a potion of degeneration for 10 gold pieces
 12640 | D:7      | Noticed Joseph
 12659 | D:7      | Mangled by Joseph

Illustrated notes

Levels and vault maps discovered:
D:1:      giann_wishing_wells, layout_basic,
          shapermc_ecumenical_altar_mp_ritualfount
D:2:      wad_crossroads, layout_loops_corners, minmay_misc_feat_encased
D:3:      layout_basic, uniq_jessica
D:4:      layout_cave_pools, minmay_goblin_kobold_house, uniq_duvessa
D:5:      layout_layer_cave, gammafunk_temple_overflow_wave,
          minmay_temple_entry_junction_2, nicolae_ossuary_entry_plus,
          grunt_tough_drop
D:6:      layout_loops_cross
D:7:      layout_basic, serial_shops, nicolae_square_shop,
          kennysheep_little_box, nicolae_shop_behind_doors, uniq_joseph
Temple:   regret_index_temple_sphere_string

Skill      XL: |  1  2  3  4  5  6  7  8  9 |
---------------+----------------------------+-----
Fighting       | 1 2 3 4 5 |  5.8
Dodging        | 3 4 5 6 |  6.9
Spellcasting   | 4 5 6 7 |  7.4
Invocations    | 2 4 |  4.1
Stealth        | |  1.5

Action                   |  1- 3 |  4- 6 |  7- 9 || total
-------------------------+-------+-------+-------++-------
Melee: Dagger            |    21 |       |       ||    21
       Rapier            |       |    18 |   144 ||   162
       Headbutt          |       |       |    24 ||    24
 Cast: Freeze            |    52 |    61 |    64 ||   177
       Frozen Ramparts   |     3 |    13 |    39 ||    55
       Poisonous Vapours |       |    26 |    16 ||    42
       Ozocubu's Armour  |       |     5 |    19 ||    24
       Hailstorm         |       |     1 |    58 ||    59
       Beastly Appendage |       |       |    16 ||    16
       Dispel Undead     |       |       |     3 ||     3
       Teleport Other    |       |       |     1 ||     1
Invok: Upheaval          |       |       |     2 ||     2
  Use: Scroll            |       |     5 |    17 ||    22
       Potion            |       |     2 |     1 ||     3
 Stab: Sleeping          |       |       |     1 ||     1
Armor: Robe              |    18 |    18 |    74 ||   110
Dodge: Dodged            |    46 |    49 |   168 ||   263
Block: Other             |       |       |     8 ||     8
